 Dungeon Crawl Stone Soup version 0.21-a0-201-g8501b10 (webtiles) character file.

205 Leibowitz the Cutter (level 6, -1/39 HPs)
             Began as a Kobold Fighter on Aug 17, 2017.
             Was an Initiate of Okawaru.
             Slain by a crocodile (9 damage)
             ... in a sewer.
             The game lasted 00:06:54 (3525 turns).

Leibowitz the Cutter (Kobold Fighter)               Turns: 3525, Time: 00:06:55

Health: -1/39      AC:  9    Str:  7    XL:     6   Next: 9%
Magic:  6/6        EV:  7    Int:  9    God:    Okawaru [......]
Gold:   212        SH:  8    Dex: 17    Spells: 5/5 levels left

rFire    . . .     SeeInvis .   a - +0 rapier
rCold    . . .     Gourm    .   c - +0 shield
rNeg     . . .     Faith    .   b - +0 scale mail
rPois    .         Spirit   .   (no helmet)
rElec    .         Reflect  .   m - +0 cloak
rCorr    .         Harm     .   g - +0 pair of gloves
MR       +....                  (no boots)
Stlth    +.........             (no amulet)
HPRegen  0.13/turn              j - -6 ring of strength (curse)
MPRegen  0.10/turn              k - ring of protection from magic

@: no status effects
A: carnivore 3
a: Renounce Religion


You were in a sewer.
You worshipped Okawaru.
Okawaru was noncommittal.
You were very full.

You visited 1 branch of the dungeon, and saw 3 of its levels.
You also visited: Sewer.

You collected 212 gold pieces.

Inventory:

Hand Weapons
 a - a +0 rapier (weapon)
Armour
 b - a +0 scale mail (worn)
 c - a +0 shield (worn)
 g - a +0 pair of gloves (worn)
 m - a +0 cloak (worn)
Jewellery
 j - a cursed -6 ring of strength (left hand)
 k - a ring of protection from magic (right hand)
Scrolls
 h - 4 scrolls of identify
Potions
 d - a potion of might
 e - 2 potions of agility {unknown}
 l - a potion of invisibility {unknown}
Comestibles
 f - a meat ration
 i - 3 royal jellies


   Skills:
 * Level 4.3 Fighting
 * Level 4.7 Short Blades
 * Level 2.9 Armour
 * Level 1.7 Dodging
 * Level 2.4 Stealth
 * Level 2.9 Shields


You had 5 spell levels left.
You didn't know any spells.

Dungeon Overview and Level Annotations

Branches:
Dungeon (3/15)

Altars:
Ashenzari
Cheibriados
Dithmenos
Nemelex Xobeh
Okawaru
Qazlal
The Shining One


Innate Abilities, Weirdness & Mutations

You are small and have problems with some larger weapons.
You are carnivorous and can eat meat at any time.


Message History

You hit the crocodile.
The crocodile is moderately wounded.
You block the crocodile's attack.
You hit the crocodile but do no damage.
The crocodile is moderately wounded.
The crocodile bites you.
You hit the crocodile but do no damage.
The crocodile is moderately wounded.
You block the crocodile's attack.
You hit the crocodile.
The crocodile is heavily wounded.
You block the crocodile's attack.
You hit the crocodile.
The crocodile is severely wounded.
The crocodile bites you!
* * * LOW HITPOINT WARNING * * *
You hit the crocodile but do no damage.
The crocodile is severely wounded.
The crocodile bites you!
You die...

## ##
#$?#.
[≈#≈#
#.≈.
##≈≈≈##
#≈≈..≈#
#.≈.≈t##
#...#..@#
#. ##≈.#
#...
##.≈#
#≈.# #..#
#≈.# ≈..#
#..# #≈.#


You could see a crocodile.

Vanquished Creatures
  Crazy Yiuf (D:2)
  Natasha (thrice) (D:2)
  An adder (D:2)
  An ooze (D:2)
  3 worms (D:2)
  A dart slug (D:2)
  4 leopard geckos
  An orc (D:3)
  2 ball pythons (D:2)
  4 giant cockroaches
  8 goblins
  9 hobgoblins
  9 jackals
  3 quokkas
  5 bats
  2 frilled lizards
  7 kobolds
  6 rats
70 creatures vanquished.

Notes
Turn   | Place    | Note
-------+----------+-------------------------------------------
     0 | D:1      | Leibowitz the Kobold Fighter began the quest for the Orb.
     0 | D:1      | Reached XP level 1. HP: 14/14 MP: 1/1
   272 | D:1      | Reached XP level 2. HP: 19/19 MP: 2/2
   466 | D:1      | Found a shattered altar of Ashenzari.
  1054 | D:2      | Reached skill level 1 in Stealth
  1182 | D:2      | Reached XP level 3. HP: 23/24 MP: 3/3
  1227 | D:2      | Reached skill level 1 in Dodging
  1710 | D:2      | Noticed Natasha
  1724 | D:2      | Killed Natasha
  1724 | D:2      | Reached XP level 4. HP: 3/29 MP: 4/4
  1783 | D:2      | Noticed Natasha
  2232 | D:2      | HP: 1/29 [Natasha/magic dart (6)]
  2234 | D:2      | Killed Natasha
  2234 | D:2      | Reached XP level 5. HP: 1/33 MP: 5/5
  2576 | D:2      | Found a shadowy altar of Dithmenos.
  2579 | D:2      | Found a snail-covered altar of Cheibriados.
  2583 | D:2      | Found an iron altar of Okawaru.
  2583 | D:2      | Found a stormy altar of Qazlal.
  2585 | D:2      | Found a shattered altar of Ashenzari.
  2592 | D:2      | Found a glowing golden altar of the Shining One.
  2593 | D:2      | Found a sparkling altar of Nemelex Xobeh.
  2599 | D:2      | Became a worshipper of Warmaster Okawaru
  2786 | D:2      | Noticed Natasha
  2793 | D:2      | Killed Natasha
  2928 | D:2      | Found a runed door.
  2932 | D:2      | Noticed Crazy Yiuf
  2948 | D:2      | Killed Crazy Yiuf
  3342 | D:3      | Reached XP level 6. HP: 37/38 MP: 6/6
  3380 | D:3      | Found a glowing drain.
  3399 | Sewer    | Entered a sewer
  3525 | Sewer    | Slain by a crocodile

Vault maps used:
D:1:      minmay_arrival_four_loops, nicolae_ashenzari_panopticon
D:2:      minitemple, uniq_crazy_yiuf_cottage, uniq_natasha
D:3:      wad_lake_hut, gup_sewer_entry_pipe
Sewer:    sewer_the_crocodile

Skill      XL: |  1  2  3  4  5 |
---------------+----------------+-----
Short Blades   | 3 4 |  4.7
Stealth        | 1 2 |  2.4
Dodging        | 1 |  1.7
Fighting       | 4 |  4.3
Armour         | |  2.9
Shields        | |  2.9

Action                   |  1- 3 |  4- 6 || total
-------------------------+-------+-------++-------
Melee: Rapier            |   161 |   217 ||   378
  Use: Scroll            |     4 |     1 ||     5
  Eat: Chunk             |    11 |     5 ||    16
Armor: Scale mail        |    62 |    68 ||   130
Dodge: Dodged            |    36 |    30 ||    66
Block: Shield            |    56 |    69 ||   125
